 Dungeon Crawl Stone Soup version 0.23.2-30-g0e89c35649 (webtiles) character file.

Game seed: 2811297074162095862

2641 Destapler the Skirmisher (level 9, 0/58 HPs)
             Began as a Gargoyle Fighter on June 12, 2019.
             Was an Initiate of Okawaru.
             Slain by a killer bee (4 damage)
             ... on level 6 of the Dungeon.
             The game lasted 01:10:49 (7756 turns).

Destapler the Skirmisher (Gargoyle Fighter)         Turns: 7756, Time: 01:10:50

Health: 0/58       AC: 14    Str: 22    XL:     9   Next: 61%
Magic:  9/9        EV: 10    Int: 15    God:    Okawaru [......]
Gold:   482        SH:  4    Dex:  9    Spells: 8/8 levels left

rFire    . . .     SeeInvis .   a - +0 flail
rCold    + . .     Gourm    .   p - +0 buckler
rNeg     + + .     Faith    .   y - +0 ring mail {rC+}
rPois    ∞         Spirit   .   (no helmet)
rElec    +         Reflect  .   (no cloak)
rCorr    .         Harm     .   v - +0 pair of gloves
MR       .....                  (no boots)
Stlth    +++.......             (no amulet)
HPRegen  0.19/turn              m - ring of positive energy
MPRegen  0.11/turn              (no ring)

@: brilliant
A: negative energy resistance 1, electricity resistance, unbreathing,
petrification resistance, rot immunity, AC +6
a: Renounce Religion


You were on level 6 of the Dungeon.
You worshipped Okawaru.
Okawaru was noncommittal.
You were very hungry.

You visited 2 branches of the dungeon, and saw 9 of its levels.

You collected 482 gold pieces.

Inventory:

Hand Weapons
 a - a +0 flail (weapon)
 b - a +2 shortbow of freezing
Missiles
 h - 119 arrows
 t - 124 stones (quivered)
Armour
 c - a +0 shield
 i - a +0 ring mail
 p - a +0 buckler (worn)
 v - a +0 pair of gloves (worn)
 y - a +0 ring mail of cold resistance (worn)
 A - a +0 plate armour
 C - a +0 scale mail
Jewellery
 m - a ring of positive energy (left hand)
 B - an uncursed amulet of the gourmand {unknown}
Wands
 z - a wand of flame (6)
Scrolls
 e - 3 scrolls of fog
 j - 3 scrolls of identify
 l - a scroll of enchant weapon {unknown}
 o - 2 scrolls of amnesia
 r - 2 scrolls of remove curse {unknown}
 u - 4 scrolls of teleportation
 w - 2 scrolls of magic mapping {unknown}
Potions
 d - 2 potions of might
 k - a potion of curing
 n - a potion of agility {unknown}
 q - 2 potions of haste
 x - a potion of invisibility
Comestibles
 f - 5 rations


   Skills:
 + Level 7.7 Fighting
 + Level 6.6 Maces & Flails
 + Level 7.7 Armour
 + Level 7.5 Stealth
 - Level 3.5 Shields


You had 8 spell levels left.
You didn't know any spells.
Your spell library was empty.

Dungeon Overview and Level Annotations

Branches:
Dungeon (8/15)             Temple (1/1) D:4
   Lair: D:8-11

Altars:
Ashenzari
Cheibriados
Elyvilon
Fedhas
Gozag
Hepliaklqana
Kikubaaqudgha
Nemelex Xobeh
Okawaru
Ru
Sif Muna
Trog
Uskayaw
Vehumet
Wu Jian
Xom
Yredelemnul
Zin
The Shining One


Innate Abilities, Weirdness & Mutations

You are resistant to torment.
Your stone body is resilient. (AC +6)
You are immune to poison.
You resist negative energy. (rN+)
You are resistant to electric shocks. (rElec)
You can survive without breathing.
You are immune to petrification.
You are immune to rotting.


Message History

The killer bee is heavily wounded.
The killer bee stings you but does no damage.
You block the killer bee's attack. The killer bee barely misses you.
You closely miss the killer bee.
The killer bee is heavily wounded.
The killer bee closely misses you. x2
You miss the killer bee.
The killer bee is heavily wounded.
The killer bee misses you. The killer bee stings you!
* * * LOW HITPOINT WARNING * * *
Okay, then.
As you read the scroll labeled COOLULLU BIUNT, it crumbles to dust.
It is a scroll of amnesia.
You feel forgetful for a moment. You block the killer bee's attack.
The killer bee stings you.
* * * LOW HITPOINT WARNING * * *
It was a potion of brilliance.
You feel clever all of a sudden. The killer bee stings you.
You die...

#.............
#.............
#............. #########
#............. #.......#
#..........÷.. #.......#
#............. #.......#
#.............
#.......####......##'###
#......@y†>.............
#.......##..............
#.......####..##########
#.......# #............
#.......# ##.##########
#.......#####.#
#..<..........#
###'###.......# #.#
#.......#


You could see a killer bee.

Vanquished Creatures
  Grinder (D:3)
  A wyvern (D:7)
  A sky beast (D:6)
  3 ice beasts
  2 phantoms (D:6)
  An ogre (D:4)
  4 centaurs
  A gnoll sergeant (D:6)
  An elf skeleton (D:6)
  2 scorpions
  6 killer bees
  2 crimson imps
  2 quasits
  A human zombie (D:6)
  A jelly (D:6)
  A centaur skeleton (D:7)
  A hound (D:6)
  An orc priest (D:7)
  An orc wizard (D:5)
  3 human skeletons (D:6)
  2 iguanas
  9 worker ants
  A hound skeleton (D:7)
  A howler monkey skeleton (D:4)
  3 gnolls
  7 adders
  A shadow imp (D:6)
  An ooze (D:3)
  An adder zombie (D:7)
  2 worms
  A dart slug (D:3)
  6 leopard geckos
  14 orcs
  3 bats
  5 giant cockroaches
  4 goblins
  3 hobgoblins
  3 jackals (D:3)
  A ball python (D:2)
  5 frilled lizards
  2 jackal zombies
  8 kobolds
  A leopard gecko skeleton (D:6)
  An orc zombie (D:6)
  7 rats
  A bush (D:4)
129 creatures vanquished.

Notes
Turn   | Place    | Note
-------+----------+-------------------------------------------
     0 | D:1      | Destapler the Gargoyle Fighter began the quest for the Orb.
     0 | D:1      | Reached XP level 1. HP: 14/14 MP: 1/1
   186 | D:1      | Reached XP level 2. HP: 19/19 MP: 2/2
   347 | D:1      | Reached skill level 1 in Stealth
   769 | D:2      | Reached XP level 3. HP: 24/24 MP: 3/3
  1380 | D:3      | Found a glowing golden altar of the Shining One.
  1419 | D:3      | Reached XP level 4. HP: 29/29 MP: 4/4
  1455 | D:3      | Noticed Grinder
  1460 | D:3      | Paralysed by Grinder for 4 turns
  1478 | D:3      | Paralysed by Grinder for 6 turns
  2233 | D:4      | Reached XP level 5. HP: 24/33 MP: 5/5
  2322 | D:4      | Found a deep blue altar of Sif Muna.
  2346 | D:4      | Found a sacrificial altar of Ru.
  2346 | D:4      | Found a snail-covered altar of Cheibriados.
  2362 | D:4      | Noticed a centaur
  2515 | D:3      | Paralysed by Grinder for 7 turns
  2651 | D:3      | Paralysed by Grinder for 3 turns
  2655 | D:3      | Killed Grinder
  2655 | D:3      | Reached XP level 6. HP: 24/40 MP: 6/6
  3070 | D:4      | Found a blossoming altar of Fedhas.
  3090 | D:4      | Reached skill level 5 in Fighting
  3119 | D:4      | Reached XP level 7. HP: 38/44 MP: 7/7
  3196 | D:5      | Entered Level 5 of the Dungeon
  3238 | D:4      | Found a glowing silver altar of Zin.
  3267 | D:4      | Reached skill level 5 in Armour
  3358 | D:4      | Found an opulent altar of Gozag.
  3444 | D:4      | Found a staircase to the Ecumenical Temple.
  3482 | Temple   | Entered the Ecumenical Temple
  4376 | D:5      | Reached skill level 5 in Stealth
  4376 | D:5      | Reached XP level 8. HP: 51/51 MP: 8/8
  4447 | D:5      | Found a white marble altar of Elyvilon.
  5082 | D:6      | Reached skill level 5 in Maces & Flails
  6296 | D:6      | Reached XP level 9. HP: 54/56 MP: 9/9
  6806 | D:7      | Found a snail-covered altar of Cheibriados.
  7094 | D:8      | Found a basalt altar of Yredelemnul.
  7297 | D:7      | Found an iron altar of Okawaru.
  7300 | D:7      | Became a worshipper of Warmaster Okawaru
  7756 | D:6      | Slain by a killer bee

Skill      XL: |  1  2  3  4  5  6  7  8  9 |
---------------+----------------------------+-----
Stealth        | 1 2 3 5 6 7 |  7.5
Fighting       | 4 5 6 7 |  7.7
Maces & Flails | 3 4 5 6 |  6.6
Armour         | 4 5 6 7 |  7.7
Shields        | |  3.5

Action                   |  1- 3 |  4- 6 |  7- 9 || total
-------------------------+-------+-------+-------++-------
Melee: Flail             |   143 |   123 |   561 ||   827
 Fire: Shortbow          |       |       |     4 ||     4
Throw: Stone             |     3 |       |    16 ||    19
  Use: Scroll            |       |     4 |     2 ||     6
       Potion            |       |       |     4 ||     4
 Stab: Sleeping          |       |       |     9 ||     9
       Invisible         |       |       |     2 ||     2
  Eat: Chunk             |     2 |     3 |     7 ||    12
       Ration            |       |     1 |     2 ||     3
Armor: Scale mail        |    71 |    43 |       ||   114
       Ring mail         |       |    29 |   278 ||   307
Dodge: Dodged            |    63 |    58 |   260 ||   381
Block: Shield            |    20 |     2 |   116 ||   138
       Buckler           |    11 |    21 |    70 ||   102
